AoeStats
← 刘宇航

Black Forest

510354033Analyzed
2v2 RM · 19h ago on Sep 30, 2026· 46m 6s· 4 players
Game mode
Random Map
Map size
Medium (4 player)
Population
200
Speed
Normal
Resources
Standard
Victory
Conquest
Starting age
Dark Age
Ending age
Imperial Age
RankedLock teamsTeams togetherTeam positionsShared explorationLock speedFull tech treeHidden civsTurbo modeCheats
Victory
Defeat
🇨🇳 Huns · China
634
+13
🇨🇳 Sicilians · China
568
+15
🇮🇹 Teutons · Italy
582
-15
🇨🇦 Turks · Canada
528
-13
JetTitan514
16:02 Feudal Age
28:23 Castle Age
33:00 Castle Age
33:52 Crossbowman
vasia003
0:36 Loom
13:24 Feudal Age
20:58 Castle Age
19:09 Double-Bit Axe
19:08 Horse Collar
刘宇航
14:48 Feudal Age
24:54 Castle Age
24:02 Scale Mail Armor
24:13 Forging
25:02 Double-Bit Axe
25:00 Horse Collar
27:37 Iron Casting
30:55 Chain Mail Armor
30:40 Arson
30:59 Squires
34:43 Bow Saw
34:57 Scale Barding Armor
1765391552
0:42 Loom
13:57 Feudal Age
14:20 Man-at-Arms
27:32 Castle Age
28:26 Long Swordsman
41:41 Imperial Age
46:02 Conscription
Connection lost

Rejoining the realm…

Still unreachable

The connection could not be restored.

Session expired

The server has moved on; the page needs a fresh start.